 Dungeon Crawl Stone Soup version 0.24.0-123-gd5b16e6ec5 (webtiles) character file.

Game seed: 5380145745329868075, levelgen mode: deterministic

1204 Saltbearer the Cudgeler (level 8, -1/62 HPs)
             Began as a Centaur Hunter on Jan 15, 2020.
             Slain by a quokka (3 damage)
             ... while paralysed by Grinder
             ... on level 6 of the Dungeon.
             The game lasted 00:10:39 (5943 turns).

Saltbearer the Cudgeler (Centaur Hunter)            Turns: 5943, Time: 00:10:40

Health: -1/62      AC:  8    Str: 16    XL:     8   Next: 21%
Magic:  8/8        EV:  1    Int: 10    God:
Gold:   289        SH:  0    Dex: 11    Spells: 7/7 levels left

rFire    . . .     SeeInvis .   c - +1 whip (elec)
rCold    . . .     Gourm    .   m - +0 large shield
rNeg     . . .     Faith    .   t - +0 chain mail
rPois    .         Spirit   .   a - +0 helmet
rElec    .         Reflect  .   (no cloak)
rCorr    .         Harm     .   (no gloves)
MR       .....                  (no barding)
Stlth    ..........             (no amulet)
HPRegen  0.20/turn              (no ring)
MPRegen  0.11/turn              (no ring)

@: paralysed, lethally poisoned (-1 -> -3), very quick
A: large, hooves 3, deformed body, speed 2, tough skin 3
a: no special abilities


You were on level 6 of the Dungeon.
You were not hungry.

You visited 1 branch of the dungeon, and saw 6 of its levels.

You collected 289 gold pieces.

Inventory:

Hand Weapons
 c - a +1 whip of electrocution (weapon)
 j - a +0 flail
Missiles
 d - 3 javelins (quivered)
 q - a throwing net
Armour
 a - a +0 helmet (worn)
 m - a +0 large shield (worn)
 t - a +0 chain mail (worn)
Jewellery
 g - a +3 ring of strength {unknown}
Wands
 s - a wand of flame (12)
Scrolls
 e - a scroll of fear
 h - a scroll of fog {unknown}
 i - 2 scrolls of magic mapping {unknown}
 k - 5 scrolls of teleportation
 n - 4 scrolls of remove curse {unknown}
 p - a scroll of blinking {unknown}
 r - a scroll of enchant weapon
Potions
 l - 2 potions of flight
 o - a potion of mutation
Comestibles
 f - 6 rations


   Skills:
 + Level 2.7 Fighting
 + Level 5.8 Maces & Flails
 - Level 5.0 Throwing
 - Level 2.2 Armour
 - Level 2.0 Dodging
 - Level 0.4 Stealth
 - Level 4.0 Shields


You had 7 spell levels left.
You didn't know any spells.
Your spell library contained the following spells:

 Spells                   Type           Power        Failure   Level  Hunger
 Sandblast                Erth           #.....       100%        1    ##.....
 Passwall                 Tmut/Erth      #.......     100%        2    ###....
 Stone Arrow              Conj/Erth      #.....       100%        3    ####...
 Petrify                  Tmut/Erth      #.......     100%        4    #####..
 Lee's Rapid Deconstruct  Erth           #.........   100%        5    ######.


Dungeon Overview and Level Annotations

Branches:
Dungeon (6/15)
 Temple: D:4-7

Altars:
Trog

Annotations:
D:6 Grinder


Innate Abilities, Weirdness & Mutations

You have hooves in place of feet.
Armour fits poorly on your strangely shaped body.
You cover ground very quickly.
You have extremely tough skin. (AC +3)


Message History

* * * LOW HITPOINT WARNING * * *
The orc hits you but does no damage.
The worker ant bites you but does no damage.
The centaur hits you.
* * * LOW HITPOINT WARNING * * *
The quokka bites you but does no damage.
Grinder hits you but does no damage. The worker ant bites you.
* * * LOW HITPOINT WARNING * * *
The centaur hits you but does no damage.
The orc hits you but does no damage.
* * * LOW HITPOINT WARNING * * *
You feel sick.
The bullfrog gives a loud, deep croak!
The quokka bites you but does no damage.
The centaur hits you but does no damage.
The worker ant bites you but does no damage.
Grinder barely misses you. The orc hits you with a +0 whip.
* * * LOW HITPOINT WARNING * * *
The quokka bites you.
You die...

#..#..####......## ..
#......##....(...###.#
##.##.#.#..........#..#
........#..........#.##
#..........<............
#.......##...........#.#
........##.F.........#.#
###.#####.....o5r.....#
#. ##.....@......# #
#....rac.Jo..#######
#............)).)..#..#
#............o.o...(...
.............#.#####.)o.#
#..##........##.# .##..
##. ##......o##.# .# . #
#######..... ## ###...


You could see Grinder, a bullfrog, a centaur, a jelly, a worker ant, 4 orcs and
2 quokkas.

Vanquished Creatures
  Pikel (D:5)
  2 slaves (D:5)
  An ice beast (D:5)
  An ogre (D:4)
  3 howler monkeys (D:5)
  A crimson imp (D:5)
  3 orc priests
  Jessica (D:2)
  An orc wizard (D:6)
  An iguana (D:4)
  A worker ant (D:6)
  A killer bee zombie (D:5)
  A hound skeleton (D:4)
  A hound zombie (D:5)
  4 adders
  4 gnolls (D:4)
  A shadow imp (D:6)
  An ooze (D:3)
  5 dart slugs
  2 leopard geckos (D:1)
  10 orcs
  A ball python (D:1)
  4 giant cockroaches
  11 hobgoblins
  8 kobolds
  3 quokkas
  4 bats
  7 frilled lizards
  9 goblins
  A quokka zombie (D:5)
  6 rats
100 creatures vanquished.

Notes
Turn   | Place    | Note
-------+----------+-------------------------------------------
     0 | D:1      | Saltbearer the Centaur Hunter began the quest for the Orb.
     0 | D:1      | Reached XP level 1. HP: 17/17 MP: 1/1
     2 | D:1      | Noticed a dwarf
     2 | D:1      | Noticed an octopode
     4 | D:1      | Noticed a ghoul
     4 | D:1      | Noticed a spriggan
     6 | D:1      | Noticed a human
     6 | D:1      | Noticed a troll
     9 | D:1      | Noticed a formicid
     9 | D:1      | Noticed a vine stalker
    11 | D:1      | Noticed a demigod
    13 | D:1      | Noticed a naga
    13 | D:1      | Noticed a merfolk
    15 | D:1      | Noticed a halfling
    15 | D:1      | Noticed a tengu
    17 | D:1      | Noticed a demonspawn
    19 | D:1      | Noticed a gargoyle
    19 | D:1      | Noticed a vampire
    21 | D:1      | Noticed a felid
    23 | D:1      | Noticed an ogre
    23 | D:1      | Noticed a draconian
    25 | D:1      | Noticed a centaur
    27 | D:1      | Noticed an elf
    27 | D:1      | Noticed a minotaur
   263 | D:1      | Reached XP level 2. HP: 21/24 MP: 2/2
   660 | D:1      | Reached skill level 1 in Shields
   693 | D:1      | Reached XP level 3. HP: 29/29 MP: 3/3
  1262 | D:2      | Reached skill level 5 in Throwing
  1295 | D:2      | Noticed Jessica
  1312 | D:2      | Killed Jessica
  1312 | D:2      | Reached XP level 4. HP: 31/36 MP: 4/4
  1627 | D:3      | Reached XP level 5. HP: 19/41 MP: 5/5
  2851 | D:4      | Noticed an ogre
  2855 | D:4      | Killed an ogre
  2855 | D:4      | Reached XP level 6. HP: 48/48 MP: 6/6
  3306 | D:4      | Reached skill level 1 in Armour
  3846 | D:4      | Found a bloodstained altar of Trog.
  4231 | D:5      | Entered Level 5 of the Dungeon
  4316 | D:5      | Noticed an ice beast
  4333 | D:5      | Killed an ice beast
  4333 | D:5      | Reached skill level 1 in Maces & Flails
  4358 | D:5      | Reached XP level 7. HP: 54/55 MP: 7/7
  4555 | D:5      | Noticed Pikel
  4709 | D:5      | Killed Pikel
  4709 | D:5      | Reached skill level 5 in Maces & Flails
  4709 | D:5      | Reached XP level 8. HP: 19/61 MP: 8/8
  5615 | D:6      | Noticed Grinder
  5625 | D:6      | HP: 3/62 [Grinder/puff of flame (12)]
  5925 | D:6      | Paralysed by Grinder for 3 turns
  5937 | D:6      | Paralysed by Grinder for 7 turns
  5943 | D:6      | HP: 3/62 [poisoned by a worker ant]
  5943 | D:6      | Slain by a quokka

Levels and vault maps discovered:
D:1:      kb_arrival_jail, layout_loops_ring
D:2:      layout_basic, kennysheep_generic_room_13, uniq_jessica
D:3:      layout_basic, first_ration
D:4:      layout_layer_cave, trog_book
D:5:      layout_basic, corner_web_ring, hex_medium, minmay_between, uniq_pikel
D:6:      layout_rooms, serial_shops, kennysheep_little_box, uniq_grinder

Skill      XL: |  1  2  3  4  5  6  7 |
---------------+----------------------+-----
Shields        | 1 2 3 4 |  4.0
Dodging        | 2 |  2.0
Throwing       | 5 |  5.0
Armour         | 2 |  2.2
Maces & Flails | 1 5 |  5.8
Fighting       | |  2.7
Stealth        | |  0.4

Action                   |  1- 3 |  4- 6 |  7- 9 || total
-------------------------+-------+-------+-------++-------
Melee: Short sword       |    98 |       |       ||    98
       Kick              |    27 |    38 |    18 ||    83
       Whip              |    48 |   129 |    49 ||   226
       Flail             |       |    38 |    25 ||    63
Throw: Throwing net      |     2 |       |     1 ||     3
       Javelin           |       |    23 |    22 ||    45
  Use: Potion            |     3 |       |     2 ||     5
       Scroll            |       |     6 |     1 ||     7
  Eat: Chunk             |     1 |     8 |     1 ||    10
       Ration            |       |       |     1 ||     1
Armor: Ring mail         |    71 |    24 |       ||    95
       Leather armour    |     1 |       |       ||     1
       Chain mail        |       |    67 |    48 ||   115
Dodge: Dodged            |    54 |    44 |    12 ||   110
Block: Buckler           |    10 |    29 |     5 ||    44
       Large shield      |       |       |    24 ||    24
